 Dungeon Crawl Stone Soup version 0.31-a0-978-g1e143483b6 (console) character file.

Game seed: 5936294482478258086

1679573 Flugkiller the Maledictor (level 25, 223/223 HPs)
             Began as a Demonspawn Conjurer on Oct 30, 2023.
             Was the Champion of Ashenzari.
             Escaped with the Orb
             ... and 3 runes on Oct 31, 2023!
             The game lasted 04:35:30 (66595 turns).

Flugkiller the Maledictor (Demonspawn Conjurer)    Turns: 66595, Time: 04:35:31

Health: 223/223    AC: 19    Str:  9    XL:     25   Next: 75%
Magic:  43/51      EV: 39    Int: 32    God:    Ashenzari [******]
Gold:   4087       SH: 18    Dex: 30    Spells: 24/54 levels left

rFire   + + +        D - +9 quick blade {elec, Dev, Elem} (curse)
rCold   + . .        E - +2 kite shield "Eternal Together" {rPois, Melee, Self} (curse)
rNeg    . . .        K - +7 toga "Victory" {*Victory Int+7 Slay+7 Clar, Melee, Bglg} (curse)
rPois   +            R - +2 helmet of the Shackled Anxiety {Self, Melee} (curse)
rElec   +            H - scarf "Thunder Perfect Mind" {repulsion, Elem, Cun} (curse)
rCorr   +            s - +2 pair of gloves of Ashenzari's Soothsayer {Bglg, Cun} (curse)
SInv    +            (boots unavailable)
Will    ++...        V - amulet "Cursed Loss" {Spirit rF+ Dex+4, Self, Cun} (curse)
Stlth   +++          o - ring of Ashenzari's Orthodoxy {Will+ rCorr Dex+6, Bglg, Self} (curse)
HPRegen 0.57/turn    J - ring of the Eye in the Sky {rF+ rC+ MP+9 Dex+7 Stlth-, Cun, Bglg} (curse)
MPRegen 0.32/turn

%: repel missiles, clarity, guardian spirit
@: studying 3 skills
A: hooves 3, molten scales 3, ignite blood 3, augmentation 3, demonic magic 2,
clumsy 2, poison resistance, electricity resistance, wild magic 1, MP-powered
wands
0: Orb of Zot
}: 3/15 runes: barnacled, silver, gossamer
a: Renounce Religion, Shatter the Chains


You escaped.
You worshipped Ashenzari.
Ashenzari was exalted by your worship.
You visited 9 branches of the dungeon, and saw 47 of its levels.
You also visited: Wizlab.

You collected 6288 gold pieces.
You spent 2201 gold pieces at shops.

Inventory:

Hand Weapons
 D - the cursed +9 quick blade of the Celestial God (weapon) {elec, Dev, Elem}
   (You took it off a spriggan defender on level 2 of the Depths)

   It has a curse which improves the following skills: Devices: Evocations and
   Shapeshifting.
   Elements:  Fire Magic, Ice Magic, Air Magic and Earth Magic.
Missiles
 l - 8 throwing nets
 y - 8 curare-tipped darts
Armour
 s - the cursed +2 pair of gloves of Ashenzari's Soothsayer (worn) {Bglg, Cun}
   (You found it on level 2 of the Dungeon)

   It has a curse which improves the following skills: Beguiling: Conjurations,
   Hexes and Translocations.
   Cunning:   Dodging and Stealth.
 E - the cursed +2 kite shield "Eternal Together" (worn) {rPois, Melee, Self}
   (You took it off a tengu warrior on level 13 of the Dungeon)

   It has a curse which improves the following skills: Melee Combat: Short
   Blades, Long Blades, Axes, Maces & Flails, Polearms, Staves and Unarmed
   Combat.
   Introspection: Fighting and Spellcasting.
 H - the cursed scarf "Thunder Perfect Mind" (worn) {repulsion, Elem, Cun}
   (You found it on level 4 of the Spider Nest)

   It has a curse which improves the following skills: Elements: Fire Magic, Ice
   Magic, Air Magic and Earth Magic.
   Cunning:   Dodging and Stealth.
 K - the cursed +7 toga "Victory" (worn) {*Victory Int+7 Slay+7 Clar, Melee, Bglg}
   (You found it on level 7 of the Dungeon)

   *Victory:  When the wearer kills a threatening monster, it has a chance to
   gain +1 AC, +1 Slay, and +1 Int, capping at +7.
   When the wearer uses a scroll or a potion with a hostile monster in sight,
   its bonuses reset to +0.
   Unequipping it also resets its bonuses to +0.
   Int+7:     It affects your intelligence (+7).
   Slay+7:    It affects your accuracy & damage with ranged weapons and melee
   (+7).
   Clar:      It protects you from confusion, rage, mesmerisation and fear.
   It has a curse which improves the following skills: Melee Combat: Short
   Blades, Long Blades, Axes, Maces & Flails, Polearms, Staves and Unarmed
   Combat.
   Beguiling: Conjurations, Hexes and Translocations.
 R - the cursed +2 helmet of the Shackled Anxiety (worn) {Self, Melee}
   (You found it on level 2 of the Lair of Beasts)

   It has a curse which improves the following skills: Introspection: Fighting
   and Spellcasting.
   Melee Combat: Short Blades, Long Blades, Axes, Maces & Flails, Polearms,
   Staves and Unarmed Combat.
 T - the orb of Supple Strength {guile, +Blink Int+4 Dex+4}
   (You found it on level 4 of the Spider Nest)

   Int+4:     It affects your intelligence (+4).
   Dex+4:     It affects your dexterity (+4).
   +Blink:    It lets you blink.
Jewellery
 c - a ring of protection from cold
   (You found it on level 12 of the Dungeon)
 m - a ring of willpower
   (You took it off a deep elf death mage on level 3 of the Elven Halls)
 o - the cursed ring of Ashenzari's Orthodoxy (left hand) {Will+ rCorr Dex+6, Bglg, Self}
   (You acquired it on level 2 of the Depths)

   [ring of dexterity]

   Dex+6:     It affects your dexterity (+6).
   Will+:     It increases your willpower.
   rCorr:     It protects you from acid and corrosion.
   It has a curse which improves the following skills: Beguiling: Conjurations,
   Hexes and Translocations.
   Introspection: Fighting and Spellcasting.
 p - a ring of protection from fire
   (You found it on level 11 of the Dungeon)
 J - the cursed ring of the Eye in the Sky (right hand) {rF+ rC+ MP+9 Dex+7 Stlth-, Cun, Bglg}
   (You bought it in a shop on level 2 of the Elven Halls)

   [ring of magical power]

   Dex+7:     It affects your dexterity (+7).
   rF+:       It protects you from fire.
   rC+:       It protects you from cold.
   MP+9:      It affects your magic capacity (+9).
   Stlth-:    It makes you less stealthy.
   It has a curse which improves the following skills: Cunning: Dodging and
   Stealth.
   Beguiling: Conjurations, Hexes and Translocations.
 V - the cursed amulet "Cursed Loss" (around neck) {Spirit rF+ Dex+4, Self, Cun}
   (You acquired it on level 1 of the Dungeon)

   [amulet of guardian spirit]

   Spirit:    It causes incoming damage to be divided between your reserves of
   health and magic.
   Dex+4:     It affects your dexterity (+4).
   rF+:       It protects you from fire.
   It has a curse which improves the following skills: Introspection: Fighting
   and Spellcasting.
   Cunning:   Dodging and Stealth.
Wands
 r - a wand of mindburst (35)
   (You found it on level 3 of the Elven Halls)
 A - a wand of roots (27)
   (You took it off a kobold on level 4 of the Dungeon)
 Q - a wand of digging (21)
   (You found it on level 3 of the Spider Nest)
 W - a wand of acid (28)
   (You found it on level 13 of the Dungeon)
 X - a wand of charming (8)
   (You found it on level 14 of the Dungeon)
Scrolls
 a - 8 scrolls of revelation
 f - 9 scrolls of immolation
 g - 22 scrolls of poison
 i - 2 scrolls of summoning
 t - 13 scrolls of teleportation
 u - 2 scrolls of silence
 z - 4 scrolls of blinking
 C - 6 scrolls of fear
 L - 9 scrolls of fog
 O - 4 scrolls of brand weapon
 P - 7 scrolls of vulnerability
Potions
 b - 2 potions of magic
 d - 3 potions of might
 e - 6 potions of enlightenment
 h - 5 potions of haste
 j - 8 potions of attraction
 k - 23 potions of mutation
 n - 3 potions of resistance
 q - 23 potions of curing
 w - 8 potions of heal wounds
 x - 8 potions of ambrosia
 F - 6 potions of invisibility
 I - 2 potions of cancellation
 Z - 6 potions of brilliance
Miscellaneous
 B - a phial of floods
   (You found it on level 5 of the Vaults)
 U - a lightning rod (4/4)
   (You found it on level 5 of the Lair of Beasts)
 Y - a condenser vane
   (You found it on level 4 of the Shoals)


   Skills:
 - Level 18.5(24.0) Fighting
 - Level 10.8(15.5) Short Blades
 - Level 3.3 Armour
 + Level 19.5(24.9) Dodging
 + Level 19.6(25.0) Stealth
 - Level 14.0 Shields
 - Level 9.8(15.4) Spellcasting
 - Level 9.3(15.0) Conjurations
 - Level 22.4(27) Hexes
 - Level 4.6(9.8) Translocations
 - Level 5.0 Transmutations
 - Level 12.6(15.0) Evocations


You had 24 spell levels left.
You knew the following spells:

 Your Spells              Type           Power      Damage    Failure   Level
a - Magic Dart            Conj           100%       1d8       1%          1
b - Searing Ray           Conj           100%       2d8       1%          2
c - Iskenderun's Mystic   Conj/Tloc      100%       2d19      1%          4
d - Enfeeble              Hex            90%        N/A       1%          7
e - Discord               Hex            90%        N/A       1%          8
f - Dazzling Flash        Conj/Hex       100%       N/A       1%          3
g - Yara's Violent Unrav  Hex/Tmut       76%        3d28      1%          5

Your spell library contained the following spells:

 Spells                   Type           Power      Damage    Failure   Level
 Apportation              Tloc           100%       N/A       1%          1
 Kiss of Death            Conj/Necr      100%       2d13      1%          1
 Gell's Gravitas          Tloc           100%       N/A       1%          3
 Hailstorm                Conj/Ice       100%       3d20      1%          3
 Inner Flame              Hex/Fire       100%       N/A       1%          3
 Summon Guardian Golem    Hex/Summ       100%       N/A       1%          3
 Teleport Other           Tloc           100%       N/A       1%          3
 Tukima's Dance           Hex            100%       N/A       1%          3
 Dimensional Bullseye     Hex/Tloc       79%        N/A       1%          4
 Fulminant Prism          Conj/Hex       83%        3d33      1%          4
 Iskenderun's Battlesphe  Conj           100%       2d15      1%          5
 Metabolic Englaciation   Hex/Ice        72%        N/A       1%          5
 Silence                  Hex/Air        72%        N/A       1%          5
 Mephitic Cloud           Conj/Pois/Air  100%       N/A       3%          3
 Flame Wave               Conj/Fire      100%       2d21      3%          4
 Necrotise                Necr           100%       1d9       7%          1
 Summon Small Mammal      Summ           100%       N/A       7%          1
 Vhi's Electric Charge    Tloc/Air       100%       N/A       8%          4
 Arcjolt                  Conj/Air       59%        1d69      8%          5
 Scorch                   Fire           100%       2d9       9%          2
 Call Imp                 Summ           100%       N/A       10%         2
 Cigotuvi's Dreadful Rot  Necr/Pois/Air  100%       N/A       10%         2
 Poisonous Vapours        Pois/Air       100%       N/A       10%         2
 Ignite Poison            Fire/Tmut/Pois 81%        N/A       10%         3
 Orb of Destruction       Conj           74%        9d17      12%         7
 Frozen Ramparts          Ice            100%       1d16      16%         3
 Dispersal                Tloc           64%        N/A       17%         6
 Call Canine Familiar     Summ           63%        N/A       19%         3
 Freezing Cloud           Conj/Ice/Air   53%        6-21      19%         5
 Petrify                  Tmut/Erth      88%        N/A       21%         4
 Bombard                  Conj/Erth      59%        9d10      34%         6
 Summon Ice Beast         Ice/Summ       66%        N/A       45%         4
 Animate Dead             Necr           63%        N/A       47%         4
 Olgreb's Toxic Radiance  Pois           63%        N/A       47%         4
 Borgnjor's Vile Clutch   Necr/Erth      33%        N/A       78%         5
 Agony                    Necr           63%        N/A       82%         5
 Spellforged Servitor     Conj/Summ      59%        N/A       90%         7
 Plasma Beam              Fire/Air       34%        2x1d47    99%         6
 Death Channel            Necr           31%        N/A       100%        6
 Simulacrum               Ice/Necr       33%        N/A       100%        6
 Summon Cactus Giant      Summ           31%        N/A       100%        6
 Haunt                    Necr/Summ      31%        N/A       100%        7
 Ignition                 Fire           34%        3d10      100%        8
 Maxwell's Capacitive Co  Air            34%        ∞         100%        8
 Chain Lightning          Conj/Air       59%        3d79      100%        9
 Fire Storm               Conj/Fire      59%        8d15      100%        9
 Shatter                  Erth           34%        3d27*     100%        9


Dungeon Overview and Level Annotations

Branches:
Dungeon (15/15)            Temple (0/1) D:6            Lair (5/5) D:10
 Shoals (4/4) Lair:2       Spider (4/4) Lair:3        Slime (0/5) Lair:4
    Orc (2/2) D:11            Elf (3/3) Orc:2        Vaults (5/5) D:14
  Crypt (0/3) Vaults:2     Depths (4/4) D:15            Zot (5/5) Depths:4
 WizLab (visited)

Altars:
Ashenzari
Cheibriados
Dithmenos
Fedhas
Gozag
Kikubaaqudgha
Nemelex Xobeh
Okawaru
Qazlal
Sif Muna
Trog
Uskayaw
Yredelemnul
Jiyva

Shops:
D:1 [   D:2 [[   D:5 [   D:12 :   Orc:2 :*?!   Elf:1 =   Elf:2 =   Elf:3 **!
Shoals:4 (   Vaults:1 [   Vaults:3 [

Portals:
Hell: Depths:1 Depths:2 Depths:3 Depths:4
Abyss: Depths:3
Pandemonium: Depths:2
Ziggurat: Depths:3

Annotations:
Lair:4 exclusion: 3 oklob plants
Lair:5 exclusion: oklob plant
Spider:4 Roxanne
Zot:2 1 runed translucent door, Bimouf's ghost, veteran DgGl


Innate Abilities, Weirdness & Mutations

You have hooves in place of feet.
You are completely covered in molten scales. (AC +4, rF+)
Your demonic aura causes all spilled blood to erupt in flames.
Your magical and physical power is greatly enhanced at high health.
Spells you cast may paralyse nearby enemies.
You are very clumsy. (Dex -4)
Your system is resistant to poisons. (rPois)
You are resistant to electric shocks. (rElec)
Your spells are a little harder to cast, but a little more powerful.
You expend magic power (3 MP) to strengthen your wands.


Message History

(M) Slime Pits (O) Orcish Mines (E) Elven Halls (V) Vaults (C) Crypt (U) Depths (H) Hell (Z) Zot
Where to? (Tab/Enter - D:1 @ (x,y), ? - help)
What level of the Dungeon? (default 1, ? - help)
A shadow demon comes into view.
The shadow demon gestures.
Unknown command.
You block the hound's attack. The hound completely misses you.
Casting: Enfeeble (mildly dangerous; 1% risk of failure)
Confirm with . or Enter, or press ? or * to list all spells.
The shadow demon is dazzled.
Malevolent energies surge around you.
The hound suddenly stops moving!
The sleepcap suddenly stops moving!
The shadow demon gestures.
Unknown command.
You catch the helpless shadow demon completely off-guard!
You perforate the shadow demon like a sieve!!!!
You kill the shadow demon!
The hound dissolves into shadows!
The sleepcap dissolves into shadows!
The orc dissolves into shadows! x2; The orc priest dissolves into shadows!
The orc dissolves into shadows! x4; The adder dissolves into shadows!
There is a stone staircase leading up, spattered with blood here.
You climb upwards.
There is a stone staircase leading down here.
(D) Dungeon (T) Temple (L) Lair (A) Shoals (N) Spider Nest (M) Slime Pits (O) Orcish Mines (E) Elven Halls (V) Vaults (C) Crypt (U) Depths (H) Hell (Z) Zot
Where to? (Tab/Enter - D:1 @ (x,y), ? - help)
You see here a +0 hand axe.
Magic restored.
HP restored.
There is a stone staircase leading up here.
You climb upwards.
There is a stone staircase leading down here.
An orange demon comes into view.
The orange demon attacks as it pursues you!
You block the orange demon's attack.
There is a stone staircase leading up here.
You climb upwards.
There is a stone staircase leading down here.
(D) Dungeon (T) Temple (L) Lair (A) Shoals (N) Spider Nest (M) Slime Pits (O) Orcish Mines (E) Elven Halls (V) Vaults (C) Crypt (U) Depths (H) Hell (Z) Zot
Where to? (Tab/Enter - D:1 @ (x,y), ? - help)
You see here a +0 club.
There is a stone staircase leading up here.
You climb upwards.
There is a stone staircase leading down here.
A shadow demon comes into view.
Casting: Dazzling Flash (safe; 1% risk of failure)
Confirm with . or Enter, or press ? or * to list all spells.
Aiming: Enfeeble (mildly dangerous; 1% risk of failure)
Press: ? - help, Shift-Dir - straight line, f - shadow demon
Aim: a shadow demon (will inflict weakness and antimagic, chance to daze and blind: 89%)
The shadow demon is enfeebled!
Malevolent energies surge around you.
The shadow demon is lost in a daze.
You hit the shadow demon. Your kick misses the shadow demon.
You puncture the shadow demon! You kick the shadow demon.
The shadow demon is moderately wounded.
You impale the shadow demon!!
Lightning courses through the shadow demon!
You kick the shadow demon. You impale the shadow demon!!
You kill the shadow demon!
There is a stone staircase leading up here.
You climb upwards.
There is a stone staircase leading down here.
(D) Dungeon (T) Temple (L) Lair (A) Shoals (N) Spider Nest (M) Slime Pits (O) Orcish Mines (E) Elven Halls (V) Vaults (C) Crypt (U) Depths (H) Hell (Z) Zot
Where to? (Tab/Enter - D:1 @ (x,y), ? - help) Magic restored.
A toenail golem comes into view.
Casting: Enfeeble (mildly dangerous; 1% risk of failure)
Confirm with . or Enter, or press ? or * to list all spells.
Aiming: Enfeeble (mildly dangerous; 1% risk of failure)
Press: ? - help, Shift-Dir - straight line, f - toenail golem
Aim: a toenail golem (will inflict weakness)
You miscast Enfeeble.
You are very lightly contaminated with residual magic.
Nothing appears to happen.
Casting: Enfeeble (mildly dangerous; 1% risk of failure)
Confirm with . or Enter, or press ? or * to list all spells.
Aiming: Enfeeble (mildly dangerous; 1% risk of failure)
Press: ? - help, Shift-Dir - straight line, f/p - toenail golem
Aim: a toenail golem (will inflict weakness)
The toenail golem partially resists.
The toenail golem is enfeebled!
Malevolent energies surge around you.
You barely miss the toenail golem. You kick the toenail golem.
You hit the toenail golem but do no damage.
You kick the toenail golem, but do no damage.
The toenail golem is lightly damaged.
You puncture the toenail golem! You kick the toenail golem.
You impale the toenail golem!! You kick the toenail golem.
The toenail golem is almost destroyed.
You block the toenail golem's attack.
You impale the toenail golem!!
You destroy the toenail golem!
No target in view!
(D) Dungeon (T) Temple (L) Lair (A) Shoals (N) Spider Nest (M) Slime Pits (O) Orcish Mines (E) Elven Halls (V) Vaults (C) Crypt (U) Depths (H) Hell (Z) Zot
Where to? (Tab/Enter - D:1 @ (x,y), ? - help)
There is an open door here.
Your magical contamination has completely faded away.
There is a staircase leading out of the dungeon here.
Enter note: gg You have escaped!

#...#~.~#.§§#...####...
#...#~.~#.≈≈######...##
#...#~.~#≈≈≈# ####.####
#...#~.~#≈§.# #........
#...#~.~#§..# #.......#
#...#...#...# #.......#
#...........# #.......#
#...........# #.......#
#...........# #########
#...........#
#.....@.....#
#...........#
#############


There were no monsters in sight!

Vanquished Creatures
  Tiamat (Zot:5)
  3 dread liches
  An ancient lich (Zot:5)
  3 orbs of fire
  Mennas (Depths:3)
  Frederick (Vaults:3)
  Saint Roka (Vaults:1)
  A curse toe (Zot:4)
  Bai Suzhen (Shoals:4)
  6 caustic shrikes
  4 Killer Klowns (Zot:5)
  Jory (Vaults:2)
  Nikola (Vaults:1)
  11 golden dragons
  Arachne (Spider:4)
  A pandemonium lord (D:10)
  A mutant beast (WizLab)
  3 electric golems
  Zenata (Vaults:1)
  25 Orb Guardians
  A Hell Sentinel (Zot:5)
  11 tentacled monstrosities
  4 liches
  2 titans
  4 deep elf blademasters
  5 quicksilver dragons
  Asterion (Spider:1)
  A walking frostbound tome (Depths:3)
  6 death cobs
  A quicksilver dragon (shapeshifter) (Depths:4)
  2 krakens
  4 deep elf master archers (Elf:3)
  7 sphinxes
  Gastronok (Lair:2)
  Frances (Spider:1)
  2 draconian monks
  3 tengu reavers
  Donald (Spider:1)
  Agnes (Spider:1)
  5 shadow dragons
  13 storm dragons
  7 fire giants
  Ilsuiw (Shoals:3)
  2 draconian knights
  6 deep elf sorcerers (Elf:3)
  2 iron dragons
  9 vault wardens
  3 emperor scorpions
  11 frost giants
  6 ghost moths
  A draconian scorcher (Zot:5)
  2 deep elf elementalists (Elf:3)
  A draconian shifter (Zot:2)
  19 very ugly things
  3 formless jellyfish
  An orc warlord (Vaults:4)
  10 ironbound preservers
  3 war gargoyles (Vaults:5)
  A draconian annihilator (Zot:2)
  3 draconian stormcallers
  3 broodmothers
  A spriggan defender (Depths:2)
  8 ironbound thunderhulks
  Nessos (D:13)
  10 black draconians
  8 stone giants
  4 deep elf demonologists
  8 deep elf annihilators
  5 green draconians
  8 spark wasps
  5 red draconians
  7 dire elephants
  4 purple draconians
  3 white draconians
  A yellow draconian (Zot:5)
  11 merfolk impalers
  A green death (Depths:4)
  An eidolon (Vaults:2)
  3 crystal guardians
  A merfolk javelineer (Shoals:4)
  3 entropy weavers
  3 ettins
  7 fire dragons
  5 deep elf death magi
  An entropy weaver (shapeshifter) (WizLab)
  4 great orbs of eyes
  11 yaktaur captains
  Josephine (D:13)
  2 deep elf high priests (Elf:3)
  2 peacekeepers
  5 ice dragons
  A jorogumo (shapeshifter) (Vaults:5)
  A catoblepas (shapeshifter) (Vaults:5)
  4 hydras
  4 spriggan air magi
  Fannar (Lair:2)
  10 vault guards
  2 jorogumos (Spider:2)
  4 radroaches
  An anaconda (shapeshifter) (Vaults:5)
  4 ironbound frosthearts
  An alligator (shapeshifter) (WizLab)
  9 boulder beetles
  7 merfolk avatars
  A catoblepas (Lair:5)
  7 alligator snapping turtles
  A merfolk aquamancer (Shoals:4)
  5 two-headed ogres
  A satyr (Shoals:3)
  A sphinx zombie (Depths:3)
  17 death yaks
  2 deep troll earth magi (Depths:3)
  11 tengu warriors
  21 centaur warriors
  7 demonic crawlers
  3 deep troll shamans
  35 dancing weapons
  5 orc high priests (Orc:2)
  13 deep elf knights
  7 hell knights
  An occultist (Depths:2)
  5 iron trolls
  A fire crab (shapeshifter) (Depths:3)
  A skyshark (shapeshifter) (WizLab)
  A golden dragon zombie (Vaults:4)
  8 skysharks
  4 pharaoh ants
  2 goliath frogs (Lair:5)
  A sun moth (Spider:3)
  10 sea snakes
  Lodul (D:13)
  4 orb spiders
  2 shadow demons
  11 deep elf archers
  3 glowing orange brains
  25 deep trolls
  2 steelbarb worms
  31 harpies
  17 ironbound convokers
  3 phantasmal warriors (Vaults:5)
  5 arcanists
  A lindwurm (Vaults:3)
  24 deep elf zephyrmancers
  A tengu skeleton (Vaults:4)
  9 orc knights
  A harpy (shapeshifter) (Elf:3)
  3 necromancers
  17 wolf spiders
  A shadow dragon skeleton (Depths:3)
  27 deep elf pyromancers
  28 ugly things
  3 orc sorcerers (Vaults:1)
  2 salamanders (Depths:1)
  20 moths of wrath
  3 cyclopes
  24 manticores
  A salamander (shapeshifter) (WizLab)
  6 fauns
  An iron dragon skeleton (Depths:3)
  2 black mambas (Lair:5)
  A cyclops (shapeshifter) (Depths:2)
  A toenail golem (D:1)
  A black mamba (shapeshifter) (WizLab)
  9 merfolk sirens
  14 elephants
  A stone giant skeleton (Vaults:4)
  An orange demon (Zot:5)
  2 rust devils
  27 cane toads
  A fire giant skeleton (Vaults:4)
  16 vault sentinels
  9 water nymphs
  6 torpor snails
  4 kobold demonologists
  A gargoyle (D:12)
  A rime drake (Lair:4)
  Psyche (D:12)
  A freezing wraith (Vaults:5)
  Maggie (D:8)
  An unseen horror (shapeshifter) (Vaults:5)
  13 yaktaurs
  2 human skeletons (Vaults:3)
  A yaktaur (shapeshifter) (Vaults:5)
  A red devil (D:10)
  4 komodo dragons
  A tengu conjurer (Depths:2)
  5 trolls
  19 merfolk
  A queen bee (shapeshifter) (WizLab)
  5 large abominations (WizLab)
  25 tarantellas
  3 hornets
  2 polar bears
  A tyrant leech (Lair:5)
  3 wind drakes
  3 glass eyes
  12 snapping turtles
  A tarantella (shapeshifter) (WizLab)
  29 blink frogs
  16 dream sheep
  2 glass eyes (shapeshifter)
  A blink frog (shapeshifter) (WizLab)
  19 jumping spiders
  An ettin zombie (Vaults:4)
  14 culicivoras
  31 slime creatures
  A centaur simulacrum (D:14)
  A spriggan (Depths:2)
  A spriggan (shapeshifter) (WizLab)
  4 air elementals
  17 yaks
  2 shadows (D:10)
  10 water elementals
  4 wyverns
  5 wraiths
  A human (shapeshifter) (WizLab)
  4 fire elementals
  3 basilisks
  A golden eye (shapeshifter) (WizLab)
  A neqoxec (Zot:4)
  45 redbacks
  4 steam dragons
  10 vampire mosquitoes
  An iron golem (WizLab)
  An elf skeleton (Vaults:3)
  An acid dragon (D:10)
  3 wargs
  17 water moccasins
  A glowing shapeshifter skeleton (Depths:3)
  3 sky beasts
  2 black bears (D:5)
  39 orc warriors
  A black bear (shapeshifter) (WizLab)
  15 wolves
  An ice beast (D:6)
  14 ogres
  2 ogres (shapeshifter)
  4 boggarts (Vaults:1)
  11 centaurs
  A phantom (D:5)
  4 kobold brigands
  22 bullfrogs
  2 earth elementals (Elf:3)
  A glowing shapeshifter simulacrum (Depths:3)
  A scorpion (D:4)
  12 wights
  4 killer bees
  11 howler monkeys
  5 electric eels
  3 hounds
  29 orc priests
  A jelly (D:3)
  5 iguanas
  25 orc wizards
  2 sleepcaps (D:6)
  6 small abominations (WizLab)
  7 gnolls
  5 adders
  A shadow imp (D:5)
  A white imp (D:8)
  A dart slug (D:3)
  A worm (D:2)
  69 orcs
  10 ball pythons
  4 bats
  3 endoplasms
  3 giant cockroaches
  9 goblins
  3 hobgoblins
  9 jackals
  3 quokkas
  3 frilled lizards
  17 kobolds
  A rat (D:2)
  3 tentacles
1701 creatures vanquished.

Vanquished Creatures (collateral kills)
  An orb of fire (Zot:5)
  6 caustic shrikes
  A bone dragon (Depths:4)
  A walking crystal tome (Depths:2)
  A lich (Depths:4)
  A quicksilver dragon (Zot:5)
  An Orb Guardian (Zot:5)
  A death cob (Zot:4)
  A deep elf master archer (Elf:3)
  2 titans
  A sphinx (Vaults:5)
  A draconian monk (Zot:3)
  A tengu reaver (Depths:2)
  A shadow dragon (Depths:2)
  A fire giant (Depths:2)
  A vault warden (Vaults:3)
  An emperor scorpion (Spider:4)
  A draconian scorcher (Zot:4)
  2 deep elf sorcerers
  A draconian shifter (Zot:4)
  A frost giant (Depths:2)
  5 draconian stormcallers
  11 very ugly things
  A draconian annihilator (Zot:3)
  5 ironbound preservers
  3 stone giants
  2 black draconians (Zot:4)
  4 green draconians
  4 red draconians
  4 spark wasps (Depths:2)
  3 dire elephants
  2 purple draconians (Zot:4)
  A yellow draconian (Depths:4)
  2 ettins (Vaults:5)
  A white draconian (Zot:5)
  2 merfolk impalers
  A fire dragon (Depths:2)
  3 yaktaur captains
  A jiangshi (Vaults:2)
  2 merfolk javelineers (Shoals:4)
  A great orb of eyes (Vaults:4)
  A rakshasa (Depths:2)
  23 vault guards
  5 ice dragons
  A spriggan air mage (Depths:2)
  2 ogre magi
  A merfolk aquamancer (Shoals:4)
  A boulder beetle (Spider:4)
  A merfolk avatar (Shoals:3)
  2 ironbound frosthearts
  4 centaur warriors
  A death knight (Vaults:2)
  A dancing weapon (Vaults:5)
  A sphinx zombie (Depths:3)
  12 deep troll earth magi
  A demonic crawler (Spider:4)
  2 spriggan berserkers
  3 deep troll shamans
  2 tengu warriors (Depths:2)
  An occultist (Depths:2)
  3 deep elf knights
  6 hell knights
  A salamander mystic (Depths:1)
  A fire crab (shapeshifter) (WizLab)
  3 iron trolls
  A death drake (shapeshifter) (WizLab)
  A tengu zombie (Depths:3)
  5 deep elf archers
  2 glowing orange brains
  A flayed ghost (Depths:2)
  23 deep trolls
  A phantasmal warrior (Vaults:5)
  7 ironbound convokers
  An orc knight (Vaults:4)
  6 ugly things
  An arcanist (Vaults:4)
  6 deep elf zephyrmancers
  4 deep elf pyromancers
  2 necromancers
  2 wolf spiders
  2 large abominations (WizLab)
  A salamander (Depths:1)
  A manticore (Shoals:3)
  A merfolk siren (Shoals:3)
  2 moths of wrath
  3 vault sentinels
  A cane toad (shapeshifter) (WizLab)
  13 yaktaurs
  3 tengu conjurers
  5 merfolk
  2 hornets (Depths:4)
  A queen bee (shapeshifter) (WizLab)
  A tarantella (shapeshifter) (WizLab)
  2 blink frogs (shapeshifter) (WizLab)
  A glass eye (WizLab)
  7 slime creatures
  4 jumping spiders
  2 spriggans (Depths:4)
  A water elemental (Shoals:3)
  A redback (Spider:4)
  2 human zombies (Vaults:3)
284 creatures vanquished.

Vanquished Creatures (others)
  A caustic shrike (Depths:2)
  An Orb Guardian (Zot:5)
  2 death cobs
  2 draconian monks (Zot:4)
  A tengu reaver (Vaults:5)
  2 fire giants (Vaults:5)
  2 draconian knights (Zot:4)
  A frost giant (Depths:2)
  A vault warden (Vaults:3)
  2 draconian scorchers
  A deep elf elementalist (Elf:3)
  A draconian annihilator (Zot:5)
  An ironbound preserver (Vaults:4)
  3 stone giants
  2 very ugly things
  3 black draconians
  A spark wasp (Spider:4)
  2 red draconians (Zot:5)
  A yellow draconian (Zot:5)
  A merfolk impaler (Shoals:4)
  3 centaur warriors
  3 vault guards
  A merfolk aquamancer (Shoals:4)
  A deep troll earth mage (Depths:4)
  2 deep elf knights (Elf:1)
  An iron troll (Depths:4)
  2 hell knights
  5 deep trolls
  2 deep elf archers
  An ironbound convoker (Vaults:3)
  A lindwurm (Vaults:3)
  2 necromancers
  4 deep elf zephyrmancers
  A harpy (Shoals:2)
  2 deep elf pyromancers
  An arcanist (D:9)
  An ugly thing (Depths:4)
  A moth of wrath (Zot:1)
  A rime drake (shapeshifter) (WizLab)
  2 yaktaurs
  A queen bee (shapeshifter) (WizLab)
  A glass eye (WizLab)
  2 snapping turtles (Shoals:4)
  A jumping spider (shapeshifter) (WizLab)
  A water elemental (Elf:2)
  A kobold (D:8)
  8 tentacles
83 creatures vanquished.

Grand Total: 2068 creatures vanquished

Notes
Turn   | Place    | Note
-------+----------+-------------------------------------------
     0 | D:1      | Flugkiller the Demonspawn Conjurer began the quest for the
                  | Orb.
     0 | D:1      | Reached XP level 1. HP: 13/13 MP: 3/3
   240 | D:1      | Found Jen Uffa's Antique Armour Boutique.
   297 | D:1      | Gained mutation: Your demonic aura sometimes causes spilled
                  | blood to erupt in flames. [demonic ancestry]
   297 | D:1      | Reached XP level 2. HP: 19/19 MP: 0/5
   693 | D:2      | Learned a level 2 spell: Searing Ray
   782 | D:2      | Found Xiku's Armour Boutique.
   874 | D:2      | Gained mutation: You have large cloven feet. [demonic
                  | ancestry]
   874 | D:2      | Reached XP level 3. HP: 24/24 MP: 1/6
  1193 | D:2      | Found Weiv's Antique Armour Boutique.
  1855 | D:3      | Reached skill level 5 in Conjurations
  1855 | D:3      | Reached XP level 4. HP: 29/30 MP: 3/7
  1962 | D:3      | Found a broken altar of Ashenzari.
  1979 | D:3      | Became a worshipper of Ashenzari the Shackled
  2171 | D:3      | Found a faded altar of an unknown god.
  2465 | D:3      | Reached XP level 5. HP: 35/35 MP: 1/8
  2892 | D:4      | Learned a level 4 spell: Iskenderun's Mystic Blast
  2911 | D:4      | Reached skill level 1 in Fighting
  2911 | D:4      | Reached skill level 1 in Translocations
  3122 | D:4      | Reached XP level 6. HP: 43/43 MP: 1/9
  3610 | D:5      | Entered Level 5 of the Dungeon
  3650 | D:5      | Noticed a water moccasin
  3656 | D:5      | Killed a water moccasin
  3771 | D:5      | Found Ziceneeb's Armour Shop.
  3780 | D:5      | Identified 2 scrolls of acquirement
  3798 | D:5      | Reached * piety under Ashenzari
  4124 | D:1      | Bought a smouldering leather armour for 168 gold pieces
  4124 | D:1      | Identified the +0 leather armour of Action {Harm rF+} (You
                  | bought it in a shop on level 1 of the Dungeon)
  4125 | D:1      | Acquired the +2 animal skin of Powerful Freedom {rElec
                  | Will- rCorr Int+7}
  4137 | D:1      | Acquired the amulet "Meoxt" {Spirit rF+ Dex+4}
  4257 | D:5      | Reached XP level 7. HP: 26/48 MP: 1/10
  5016 | D:6      | Found a staircase to the Ecumenical Temple.
  5145 | D:6      | Reached XP level 8. HP: 40/56 MP: 3/13
  5354 | D:6      | Found a sparkling altar of Nemelex Xobeh.
  5959 | D:6      | Found a shadowy altar of Dithmenos.
  6201 | D:7      | Reached ** piety under Ashenzari
  6288 | D:7      | Found an opulent altar of Gozag.
  6342 | D:7      | Reached skill level 5 in Spellcasting
  6606 | D:5      | Bought a +0 helmet for 49 gold pieces
  6677 | D:7      | Reached XP level 9. HP: 61/63 MP: 9/17
  6814 | D:7      | Reached skill level 1 in Evocations
  6830 | D:7      | Found a hide-covered altar of Uskayaw.
  6941 | D:7      | Found a stormy altar of Qazlal.
  7123 | D:7      | Found an iron altar of Okawaru.
  7123 | D:7      | Found a runed translucent door.
  7128 | D:7      | Found the +0 toga "Victory" {*Victory Clar}
  7167 | D:7      | Found an ancient bone altar of Kikubaaqudgha.
  7337 | D:7      | Found a snail-covered altar of Cheibriados.
  7527 | D:8      | Noticed Maggie
  7545 | D:8      | Killed Maggie
  7764 | D:8      | Found a shimmering blue altar of Sif Muna.
  8506 | D:8      | Found a basalt altar of Yredelemnul.
  8586 | D:9      | Gained mutation: Spells you cast may paralyse adjacent
                  | enemies. [demonic ancestry]
  8586 | D:9      | Reached XP level 10. HP: 66/70 MP: 3/20
  8803 | D:8      | Reached skill level 5 in Dodging
  9249 | D:9      | Reached skill level 1 in Short Blades
  9401 | D:9      | Found a blossoming altar of Fedhas.
  9508 | D:9      | Found a bloodstained altar of Trog.
  9526 | D:9      | Noticed an arcanist
  9532 | D:9      | Killed an arcanist
  9687 | D:10     | Entered Level 10 of the Dungeon
  9884 | D:10     | Found a staircase to the Lair.
  9966 | D:10     | Noticed an orange demon
  9977 | D:10     | Noticed a rust devil
  9989 | D:10     | Noticed a sun demon
 10150 | D:10     | Reached *** piety under Ashenzari
 10376 | D:10     | Reached XP level 11. HP: 64/81 MP: 2/23
 10498 | D:10     | Noticed a two-headed ogre
 10516 | D:10     | Killed a two-headed ogre
 10525 | D:10     | Learned a level 7 spell: Enfeeble
 10551 | D:10     | Noticed a centaur warrior
 10557 | D:10     | Killed a centaur warrior
 10558 | D:10     | Reached skill level 1 in Hexes
 11167 | D:11     | Noticed a two-headed ogre
 11189 | D:11     | Killed a two-headed ogre
 11190 | D:11     | Reached skill level 2 in Hexes
 11369 | D:11     | Reached **** piety under Ashenzari
 11628 | D:11     | Noticed a two-headed ogre
 11644 | D:11     | Killed a two-headed ogre
 11645 | D:11     | Reached skill level 3 in Hexes
 11934 | D:11     | Reached skill level 4 in Hexes
 12123 | D:11     | Found a staircase to the Orcish Mines.
 12402 | Lair:1   | Entered Level 1 of the Lair of Beasts
 12552 | Lair:1   | Reached skill level 5 in Hexes
 12561 | Lair:1   | Reached skill level 6 in Hexes
 13021 | Lair:1   | Identified the +1 robe of the Snake Pit {+Inv rCorr}
 13024 | Lair:1   | Identified the +4 rapier of Caic Eqo {flame, Will+ Str+5
                  | Dex+2}
 13421 | Lair:2   | Reached skill level 7 in Hexes
 13567 | Lair:2   | Reached skill level 8 in Hexes
 13809 | Lair:2   | Found a blossoming altar of Fedhas.
 13893 | Lair:2   | Noticed Gastronok
 13939 | Lair:2   | Killed Gastronok
 13940 | Lair:2   | Reached skill level 9 in Hexes
 13940 | Lair:2   | Gained mutation: Your demonic aura often causes spilled
                  | blood to erupt in flames. [demonic ancestry]
 13940 | Lair:2   | Reached XP level 12. HP: 47/91 MP: 0/26
 14093 | Lair:2   | Found a staircase to the Shoals.
 14450 | Lair:2   | Noticed Fannar
 14458 | Lair:2   | Killed Fannar
 14583 | Lair:3   | Noticed a boulder beetle
 14590 | Lair:3   | Killed a boulder beetle
 14591 | Lair:3   | Reached skill level 10 in Hexes
 14908 | Lair:3   | Reached skill level 11 in Hexes
 15028 | Lair:3   | Found a hole to the Spider Nest.
 15353 | Lair:3   | Reached skill level 5 in Fighting
 15504 | Lair:4   | Reached skill level 5 in Short Blades
 15619 | Lair:4   | Noticed a death yak
 15621 | Lair:4   | Noticed a death yak
 15621 | Lair:4   | Noticed a death yak
 15666 | Lair:4   | Reached skill level 5 in Stealth
 16024 | Lair:4   | Noticed a death yak
 16024 | Lair:4   | Noticed a death yak
 16225 | Lair:4   | Noticed a death yak
 16298 | Lair:3   | Killed a death yak
 16299 | Lair:3   | Gained mutation: You have hoof-like feet. [demonic
                  | ancestry]
 16299 | Lair:3   | Reached XP level 13. HP: 100/100 MP: 8/27
 16412 | Spider:1 | Entered Level 1 of the Spider Nest
 16676 | Lair:4   | Found a viscous altar of Jiyva.
 16678 | Lair:4   | Found a staircase to the Slime Pits.
 17174 | Lair:5   | Entered Level 5 of the Lair of Beasts
 17540 | Lair:4   | Reached skill level 1 in Armour
 18254 | Lair:4   | Found a viscous altar of Jiyva.
 19266 | Lair:5   | Reached skill level 10 in Dodging
 19324 | Lair:5   | Reached XP level 14. HP: 113/113 MP: 7/29
 19783 | Lair:5   | Found the +8 Wrath of Trog {antimagic, *Rage Rampage}
 20693 | D:12     | Noticed Psyche
 20709 | D:12     | Killed Psyche
 21035 | D:12     | Noticed a walking earthen tome
 21042 | D:12     | Found Zasou's Book Emporium.
 21042 | D:12     | Noticed a walking crystal tome
 21411 | D:13     | Reached skill level 10 in Short Blades
 21462 | D:13     | Noticed Josephine
 21465 | D:13     | Killed Josephine
 21647 | D:13     | Noticed Lodul
 21673 | D:13     | Killed Lodul
 21675 | D:13     | Noticed Nessos
 21682 | D:13     | Killed Nessos
 22105 | D:14     | Reached skill level 1 in Shields
 22256 | D:14     | Reached XP level 15. HP: 108/120 MP: 27/30
 22524 | D:14     | Found a gate to the Vaults.
 23428 | D:15     | Entered Level 15 of the Dungeon
 23437 | D:15     | Reached ***** piety under Ashenzari
 23557 | D:15     | Reached skill level 10 in Stealth
 23755 | D:15     | Found a staircase to the Depths.
 23755 | D:15     | Noticed a frost giant
 23761 | D:15     | Killed a frost giant
 23834 | D:15     | Reached skill level 5 in Shields
 24540 | Orc:1    | Entered Level 1 of the Orcish Mines
 24677 | Orc:2    | Entered Level 2 of the Orcish Mines
 25096 | Orc:2    | Found a staircase to the Elven Halls.
 26156 | Orc:2    | Found Sihobbur's Distillery.
 26156 | Orc:2    | Found Jetughon's Magic Scroll Emporium.
 26157 | Orc:2    | Found Reafirev's Assorted Antiques.
 26157 | Orc:2    | Found Hosapsoorry's Book Emporium.
 26179 | Orc:2    | Learned a level 8 spell: Discord
 26191 | Orc:2    | Bought a potion of haste for 180 gold pieces
 26191 | Orc:2    | Bought a potion of haste for 180 gold pieces
 26191 | Orc:2    | Bought a potion of brilliance for 72 gold pieces
 26191 | Orc:2    | Bought a potion of might for 72 gold pieces
 26191 | Orc:2    | Bought a potion of ambrosia for 144 gold pieces
 26192 | Orc:2    | Bought a potion of mutation for 144 gold pieces
 26401 | Spider:1 | Noticed Agnes
 26413 | Spider:1 | Killed Agnes
 26875 | Spider:1 | Noticed Frances
 26879 | Spider:1 | Noticed Asterion
 26903 | Spider:1 | Killed Asterion
 27125 | Spider:1 | Killed Frances
 27371 | Spider:1 | Gained mutation: You are partially covered in molten
                  | scales. (AC +2) [demonic ancestry]
 27371 | Spider:1 | Reached XP level 16. HP: 120/131 MP: 23/32
 27523 | Spider:1 | Noticed Donald
 27528 | Spider:1 | Killed Donald
 27714 | Spider:2 | Learned a level 3 spell: Dazzling Flash
 28277 | Spider:2 | Reached skill level 10 in Shields
 30774 | Spider:4 | Entered Level 4 of the Spider Nest
 31351 | Spider:4 | Reached skill level 12 in Hexes
 31391 | Spider:4 | Noticed Roxanne
 31419 | Spider:4 | Identified the orb of Supple Strength {guile, +Blink Int+4
                  | Dex+4}
 31668 | Spider:4 | Gained mutation: Spells you cast may paralyse nearby
                  | enemies. [demonic ancestry]
 31668 | Spider:4 | Reached XP level 17. HP: 139/139 MP: 25/33
 31950 | Spider:4 | Noticed Arachne
 31965 | Spider:4 | Killed Arachne
 32129 | Spider:4 | Got a gossamer rune of Zot
 32389 | Shoals:1 | Entered Level 1 of the Shoals
 32923 | Shoals:1 | Reached skill level 13 in Hexes
 33888 | Shoals:2 | Noticed a kraken
 33899 | Shoals:2 | Killed a kraken
 33900 | Shoals:2 | Reached skill level 10 in Fighting
 34560 | Shoals:2 | Reached skill level 5 in Evocations
 34757 | Shoals:3 | Reached skill level 14 in Hexes
 34880 | Shoals:3 | Noticed Ilsuiw
 35040 | Shoals:3 | Killed Ilsuiw
 35402 | Shoals:3 | Gained mutation: You are mostly covered in molten scales.
                  | (AC +3) [demonic ancestry]
 35402 | Shoals:3 | Reached XP level 18. HP: 149/149 MP: 17/34
 35652 | Shoals:4 | Entered Level 4 of the Shoals
 36251 | Shoals:4 | Found Seamoixich's Firing Range.
 36315 | Shoals:4 | Reached skill level 15 in Hexes
 36629 | Shoals:4 | Got a barnacled rune of Zot
 36689 | Shoals:4 | Identified the +2 scimitar "Minalusimy" {venom, Str+2
                  | Int+2}
 37413 | Shoals:4 | Identified the +0 plate armour of Thoughtfulness {rPois}
 37437 | Shoals:4 | Noticed Bai Suzhen
 37454 | Shoals:4 | Killed Bai Suzhen
 37783 | WizLab   | Identified the "Riupsiag"
 37783 | Vaults:5 | Identified the "Tam Ane"
 37783 | Vaults:5 | Identified the "Jalief"
 37783 | Vaults:5 | Identified the "Qapoedwo"
 37783 | Crypt:3  | Identified the of Ticwegep
 37783 | Elf:1    | Entered Level 1 of the Elven Halls
 37791 | Elf:1    | Paralysed by an air elemental for 1 turns
 37794 | Elf:1    | Paralysed by an air elemental for 1 turns
 38207 | Elf:1    | Reached skill level 16 in Hexes
 38354 | Elf:1    | Learned a level 5 spell: Yara's Violent Unravelling
 38757 | Elf:1    | Found Runet's Jewellery Emporium.
 39536 | Elf:2    | Reached skill level 17 in Hexes
 39645 | Elf:2    | Reached skill level 1 in Transmutations
 39817 | Elf:2    | Gained mutation: Your demonic aura causes all spilled blood
                  | to erupt in flames. [demonic ancestry]
 39817 | Elf:2    | Reached XP level 19. HP: 154/155 MP: 15/35
 39982 | Elf:2    | Found Tuang's Jewellery Shoppe.
 39999 | Elf:2    | Bought the ring of Ucek {rF+ rC+ MP+9 Dex+7 Stlth-} for 814
                  | gold pieces
 40029 | Elf:2    | Reached skill level 5 in Transmutations
 40198 | Elf:2    | Found a runed translucent gate.
 40198 | Elf:2    | Found a runed translucent gate.
 40198 | Elf:2    | Found a runed translucent gate.
 41837 | Elf:3    | Identified the of Yhisu
 41837 | Elf:3    | Entered Level 3 of the Elven Halls
 42315 | Elf:3    | Found Zitzuat's Distillery.
 42322 | Elf:3    | Bought a potion of haste for 140 gold pieces
 42322 | Elf:3    | Bought a potion of heal wounds for 70 gold pieces
 42322 | Elf:3    | Bought a potion of invisibility for 112 gold pieces
 42322 | Elf:3    | Bought a potion of brilliance for 56 gold pieces
 42371 | Elf:3    | Found Buuper's General Store.
 42588 | Elf:3    | Found Xitiam's Assorted Antiques.
 43322 | Elf:3    | Identified the amulet of Xiora {Faith Stlth+}
 43491 | Elf:3    | Reached skill level 15 in Stealth
 44024 | Elf:3    | Identified the staff of Classification {rF+ rN+ Will+ rCorr
                  | Int-4 Fire}
 44187 | Elf:3    | Identified the +1 robe of Limitation {rF+}
 44201 | Elf:3    | Identified the +5 rapier "Kexzuuli" {drain, Contam rC-
                  | Int+8}
 44782 | Vaults:1 | Entered Level 1 of the Vaults
 45121 | Vaults:1 | Gained mutation: You are completely covered in molten
                  | scales. (AC +4, rF+) [demonic ancestry]
 45121 | Vaults:1 | Reached XP level 20. HP: 144/162 MP: 27/36
 45317 | Vaults:1 | Noticed Nikola
 45326 | Vaults:1 | Killed Nikola
 45499 | Vaults:1 | Reached skill level 18 in Hexes
 45579 | Vaults:1 | Noticed Saint Roka
 45693 | Vaults:1 | Killed Saint Roka
 45806 | Vaults:1 | Noticed Zenata
 45817 | Vaults:1 | Killed Zenata
 45978 | Vaults:1 | Found Kadel's Antique Armour Boutique.
 47214 | Vaults:2 | Found a staircase to the Crypt.
 47385 | Vaults:2 | Noticed Jory
 47394 | Vaults:2 | Killed Jory
 47848 | Vaults:3 | Noticed Frederick
 47876 | Vaults:3 | Killed Frederick
 47924 | Vaults:3 | Found a magical portal.
 47935 | WizLab   | Entered Cigotuvi's Fleshworks
 48099 | WizLab   | Found the -2 hat of the Alchemist {rElec rPois rF+ rC+ rN+
                  | Will+ rMut rCorr}
 48138 | WizLab   | Reached skill level 15 in Dodging
 48551 | Vaults:3 | Gained mutation: Your magical capacity is low. (-10% MP)
                  | [potion of mutation]
 48552 | Vaults:3 | Lost mutation: Your magical capacity is low. (-10% MP)
                  | [potion of mutation]
 48552 | Vaults:3 | Gained mutation: You are covered in fur. (AC +1) [potion of
                  | mutation]
 48552 | Vaults:3 | Gained mutation: You have very sharp teeth. [potion of
                  | mutation]
 48552 | Vaults:3 | Gained mutation: You are weak. (Str -2) [potion of
                  | mutation]
 48553 | Vaults:3 | Lost mutation: You are weak. (Str -2) [potion of mutation]
 48553 | Vaults:3 | Lost mutation: You are covered in fur. (AC +1) [potion of
                  | mutation]
 48553 | Vaults:3 | Gained mutation: Your magical capacity is low. (-10% MP)
                  | [potion of mutation]
 48553 | Vaults:3 | Lost mutation: You have very sharp teeth. [potion of
                  | mutation]
 48553 | Vaults:3 | Gained mutation: You are somewhat resistant to further
                  | mutation. [potion of mutation]
 48554 | Vaults:3 | Lost mutation: Your magical capacity is low. (-10% MP)
                  | [potion of mutation]
 48554 | Vaults:3 | Lost mutation: You are somewhat resistant to further
                  | mutation. [potion of mutation]
 48554 | Vaults:3 | Gained mutation: You possess an exceptional clarity of
                  | mind. [potion of mutation]
 48554 | Vaults:3 | Gained mutation: You are robust. (+10% HP) [potion of
                  | mutation]
 48554 | Vaults:3 | Lost mutation: You are robust. (+10% HP) [potion of
                  | mutation]
 48554 | Vaults:3 | Gained mutation: You have sharp fingernails. [potion of
                  | mutation]
 48555 | Vaults:3 | Lost mutation: You have sharp fingernails. [potion of
                  | mutation]
 48555 | Vaults:3 | Lost mutation: You possess an exceptional clarity of mind.
                  | [potion of mutation]
 48555 | Vaults:3 | Gained mutation: Your magical capacity is low. (-10% MP)
                  | [potion of mutation]
 48555 | Vaults:3 | Gained mutation: You passively map a small area around you.
                  | [potion of mutation]
 48555 | Vaults:3 | Gained mutation: You are resistant to electric shocks.
                  | (rElec) [potion of mutation]
 48735 | Vaults:3 | Gained mutation: You have hooves in place of feet. [demonic
                  | ancestry]
 48735 | Vaults:3 | Reached XP level 21. HP: 161/172 MP: 19/33
 49353 | Vaults:3 | Found Noyzyry's Armour Boutique.
 51222 | Depths:1 | Entered Level 1 of the Depths
 51295 | Depths:1 | Found a gateway to Hell.
 51355 | Depths:1 | Noticed a golden dragon
 51361 | Depths:1 | Reached skill level 19 in Hexes
 51371 | Depths:1 | Killed a golden dragon
 51531 | Depths:1 | Noticed a golden dragon
 51544 | Depths:1 | Killed a golden dragon
 52297 | Depths:1 | Gained mutation: Your magical and physical power is
                  | slightly enhanced at high health. [demonic ancestry]
 52297 | Depths:1 | Reached XP level 22. HP: 159/186 MP: 5/35
 53266 | Depths:2 | Reached skill level 15 in Fighting
 53320 | Depths:2 | Found a one-way gate leading to the halls of Pandemonium.
 53716 | Depths:2 | Noticed a caustic shrike
 53731 | Depths:2 | Killed a caustic shrike
 53732 | Depths:2 | Killed a caustic shrike
 53764 | Depths:2 | Noticed a caustic shrike
 53780 | Depths:2 | Killed a caustic shrike
 53840 | Depths:2 | Noticed a caustic shrike
 53844 | Depths:2 | Killed a caustic shrike
 53883 | Depths:2 | Noticed a caustic shrike
 53883 | Depths:2 | Noticed a caustic shrike
 53885 | Depths:2 | Noticed a caustic shrike
 53886 | Depths:2 | Noticed a caustic shrike
 53890 | Depths:2 | Killed a caustic shrike
 53892 | Depths:2 | Killed a caustic shrike
 53895 | Depths:2 | Killed a caustic shrike
 54087 | Depths:2 | Noticed a caustic shrike
 54108 | Depths:2 | Killed a caustic shrike
 54241 | Depths:2 | Identified the +1 leather armour "Uhijeif" {Harm Will+
                  | Int+2} (You took it off a tengu reaver on level 2 of the
                  | Depths)
 54250 | Depths:2 | Identified the serpent talisman "Soqietog" {Will- Int+5}
 54467 | Depths:2 | Identified the of Zosmuid (You acquired it on level 2 of
                  | the Depths)
 54467 | Depths:2 | Acquired the ring of Dithmenos's Whim {Will+ rCorr Dex+6}
 54601 | Depths:2 | Noticed a caustic shrike
 54606 | Depths:2 | Killed a caustic shrike
 54611 | Depths:2 | Killed a caustic shrike
 54612 | Depths:2 | Reached skill level 20 in Hexes
 55544 | Depths:3 | Found a one-way gate to the infinite horrors of the Abyss.
 55548 | Depths:3 | Noticed Mennas
 55553 | Depths:3 | Killed Mennas
 55554 | Depths:3 | ez
 55726 | Depths:3 | Found a one-way gateway to a ziggurat.
 55859 | Depths:3 | Gained mutation: Your magical and physical power is
                  | enhanced at high health. [demonic ancestry]
 55859 | Depths:3 | Reached XP level 23. HP: 191/194 MP: 35/36
 56846 | Depths:4 | Entered Level 4 of the Depths
 57375 | Depths:4 | Reached skill level 21 in Hexes
 58056 | Depths:4 | Found a gate to the Realm of Zot.
 58138 | Depths:4 | Noticed a caustic shrike
 58142 | Depths:4 | Noticed a caustic shrike
 58142 | Depths:4 | Noticed a caustic shrike
 58152 | Depths:4 | Killed a caustic shrike
 58155 | Depths:4 | Killed a caustic shrike
 58156 | Depths:4 | Killed a caustic shrike
 58674 | Vaults:5 | Entered Level 5 of the Vaults
 58681 | Vaults:5 | Reached skill level 22 in Hexes
 58729 | Vaults:5 | Found the +4 robe of Folly {Brill Will-∞ Int+8}
 58783 | Vaults:5 | Identified the +0 war axe "Pochirin" {freeze, Fly}
 58972 | Vaults:5 | Reached skill level 10 in Evocations
 59295 | Vaults:5 | Gained mutation: Your magical and physical power is greatly
                  | enhanced at high health. [demonic ancestry]
 59295 | Vaults:5 | Reached XP level 24. HP: 197/204 MP: 30/36
 59313 | Vaults:5 | Got a silver rune of Zot
 59611 | Vaults:5 | Identified the +3 ring mail of Forking Paths {rElec Regen+
                  | rCorr Int-3}
 60521 | Zot:1    | Entered Level 1 of the Realm of Zot
 60794 | Zot:1    | Identified the ring of the Hammering Priest {rC++ Int-2
                  | Dex+6 SInv}
 61935 | Zot:2    | Found a runed translucent door.
 61935 | Zot:2    | Noticed Bimouf's ghost (veteran DgGl)
 61935 | Zot:2    | Identified the +1 pair of boots of Vanity {Dex+3}
 62390 | Zot:3    | Noticed an orb of fire
 62402 | Zot:3    | Killed an orb of fire
 63817 | Zot:5    | Entered Level 5 of the Realm of Zot
 63824 | Zot:5    | Found the +4 dragonskin cloak
 63824 | Zot:5    | Noticed Tiamat
 63829 | Zot:5    | Reached XP level 25. HP: 203/204 MP: 36/36
 64025 | Zot:5    | Killed Tiamat
 64496 | Zot:5    | Reached ****** piety under Ashenzari
 64701 | Zot:5    | Noticed a dread lich
 64704 | Zot:5    | Noticed an orb of fire
 64706 | Zot:5    | Noticed an orb of fire
 64707 | Zot:5    | Noticed a Killer Klown
 64708 | Zot:5    | Noticed an orb of fire
 64718 | Zot:5    | Noticed a Killer Klown
 64724 | Zot:5    | Noticed a dread lich
 64725 | Zot:5    | Killed an orb of fire
 64726 | Zot:5    | Noticed a Killer Klown
 64728 | Zot:5    | Killed an orb of fire
 64731 | Zot:5    | Killed a dread lich
 64766 | Zot:4    | Killed a dread lich
 64774 | Zot:5    | Gained mutation: You are clumsy. (Dex -2) [an orb of fire]
 64779 | Zot:4    | Gained mutation: You are very clumsy. (Dex -4) [an orb of
                  | fire]
 64782 | Zot:4    | Killed an orb of fire
 64803 | Zot:5    | Killed a Killer Klown
 64807 | Zot:5    | Killed a Killer Klown
 64814 | Zot:5    | Killed a Killer Klown
 65021 | Zot:5    | Noticed a Killer Klown
 65026 | Zot:5    | Killed a Killer Klown
 65167 | Zot:5    | Noticed an ancient lich
 65175 | Zot:5    | Killed an ancient lich
 65664 | Zot:5    | Noticed a dread lich
 65675 | Zot:5    | Killed a dread lich
 65810 | Zot:5    | Lost mutation: You passively map a small area around you.
                  | [potion of mutation]
 65810 | Zot:5    | Lost mutation: Your magical capacity is low. (-10% MP)
                  | [potion of mutation]
 65810 | Zot:5    | Gained mutation: Potions are less effective at restoring
                  | your health. [potion of mutation]
 65810 | Zot:5    | Gained mutation: Your system is resistant to poisons.
                  | (rPois) [potion of mutation]
 65811 | Zot:5    | Lost mutation: Potions are less effective at restoring your
                  | health. [potion of mutation]
 65811 | Zot:5    | Lost mutation: Your system is resistant to poisons. (rPois)
                  | [potion of mutation]
 65811 | Zot:5    | Gained mutation: Your spells are a little harder to cast,
                  | but a little more powerful. [potion of mutation]
 65811 | Zot:5    | Gained mutation: Your system is resistant to poisons.
                  | (rPois) [potion of mutation]
 65811 | Zot:5    | Gained mutation: You expend magic power (3 MP) to
                  | strengthen your wands. [potion of mutation]
 65842 | Zot:5    | Got the Orb of Zot
 66353 | D:10     | Noticed Hoxzenef the pandemonium lord
 66357 | D:10     | Killed Hoxzenef the pandemonium lord
 66435 | D:7      | Noticed Qakkohah the pandemonium lord
 66594 | D:1      | gg
 66595 | D:$      | Escaped with the Orb!

Illustrated notes

,,,*,,,,,,,*,,,,,,,*,
,,,*,,,,,,,*,,^,,,,*,
****,,,⌠,,,*∆,,,,,,****+* ,
**,,,,,**#..⌠..#* *,* ,
*,,,,,* #.....#****,*** , *
#####,,,,,* #∩..G.#,,,,,,,*
#...##,,,####.....*,,******
, #.##.#,,,#..##...#*,,* *
..##.#*,*##..#..{**,** *
..##.#*{**##.##§##*,* *
####'#∆∆∆* #.##.@##+#####**
, #..##### #.###§.......#,*
#......###.#####......#,* #
#......##......'......#,* #
#......##..#####.....<#,* #
#......'...# #......+,*
###......###.# ######+#,*
.#####'#####.#####,,{,,,,**
+...##.# #.......+,,,,,,,+*
###....# #.#######,,,,,,,**
# #.######.# *,,,,,,,** *


Turn 55554 on Depths:3: ez #...#~.~#.§§#...####... #...#~.~#.≈≈######...##
#...#~.~#≈≈≈# ####.#### #...#~.~#≈≈.# #........ #...#~.~#≈§§# #.......#
#...#...#...# #.......# #...........# #.......# #...........# #.......#
#...........# ######### #...........# #.....@.....# #...........# #############
Turn 66594 on D:1: gg

Levels and vault maps discovered:
D:1:      lightli_arrival_quake, layout_rooms, serial_shops,
          nicolae_shop_dealshenge, chequers_serial_rivers_micro_e
D:2:      layout_loops_cross, serial_shops, shop, nicolae_shop_advertising_works
          [nicolae_subvault_shop_adworks], kennysheep_cross_room,
          cheibrodos_gnoll_hut
D:3:      layout_loops_cross, ashenzari_conservatory_becter,
          hellmonk_ecumenical_altar_dog_temple, nrook_mini_backslash,
          hangedman_abyss_or_decor_stabs, grunt_ministairs_14, st_stairs_3
D:4:      layout_loops_ring, dreamdust_divine_triumvirate, st_stairs_12,
          corexii_checkpoint
D:5:      layout_loops_ring, serial_shops, shop, kennysheep_generic_room_6
D:6:      layout_cave_pools, nicolae_dithmenos_the_darkroom,
          mainiacjoe_overflow_concentric_impassable, temple_fountains
D:7:      layout_loops_ring, kiku_gazebo_garden_becter,
          nicolae_overflow_crystal_walls, grunt_gozag_breadcrumbs,
          eat_drink_and_be_merry_uskayaw,
          nicolae_overflow_guarded_unrand_okawaru_victory,
          nicolae_qazlal_style_of_elements
D:8:      layout_basic, kennysheep_orc_sif_temple, mainiacjoe_overflow_alcove_1,
          uniq_maggie
D:9:      layout_cave_pools, fedhas_altar_4, trog_wizard
D:10:     layout_irregular_city, due_lair_maze_entry_diamond,
          kennysheep_kite_vault
D:11:     layout_grid_maze, orc_0_dummy
D:12:     layout_basic, serial_shops, nicolae_shop_mannequins, uniq_psyche
D:13:     layout_rooms, kennysheep_another_room, uniq_nessos, uniq_josephine,
          uniq_lodul
D:14:     layout_basic, lightli_vaults_fourway_checkpoint,
          minmay_misc_feat_four_crosses, nrook_uturn
D:15:     grunt_enter_depths_snipers, layout_basic, minivault_14, hex_tiny
Lair:1:   layout_cave_shapes
Lair:2:   layout_regular_city, minmay_shoals_entry_lonely_mermaid, basic_altar,
          st_stairs_3, uniq_gastronok, uniq_fannar
Lair:3:   layout_gridlike, spider_nest_entry_rubble, beast_lair_carwin_9,
          infiniplex_staircase_pool
Lair:4:   layout_cave_shapes, minmay_slime_entry_oklob_enclosed,
          infiniplex_staircase_pool_2, lemuel_fruit_tree
Lair:5:   minmay_lair_end_frog_pond, layout_loops_ring
Shoals:1: layout_shoals
Shoals:2: layout_shoals
Shoals:3: layout_shoals, uniq_ilsuiw
Shoals:4: shoals_end_hangedman, layout_shoals, shoal_ilsuiw, ldierk_geyser,
          nicolae_shop_firing_range, uniq_bai_suzhen
Spider:1: layout_spider_delve, hangedman_spider_tarantella_strand, uniq_donald,
          uniq_agnes, uniq_frances, uniq_asterion
Spider:2: nicolae_spider_hilbert_zone_4 [nicolae_spider_hilbert_4_sides_2_open,
          nicolae_spider_hilbert_4_sides_1_open,
          nicolae_spider_hilbert_4_sides_1_open,
          nicolae_spider_hilbert_4_sides_1_open,
          nicolae_spider_hilbert_4_sides_1_open,
          nicolae_spider_hilbert_2_sides_1_open,
          nicolae_spider_hilbert_2_sides_1_open,
          nicolae_spider_hilbert_2_sides_1_open,
          nicolae_spider_hilbert_2_sides_1_open,
          nicolae_spider_hilbert_6_sides_1_open,
          nicolae_spider_hilbert_6_sides_1_open,
          nicolae_spider_hilbert_3_sides_1_open,
          nicolae_spider_hilbert_3_sides_1_open]
Spider:3: layout_spider_delve, nicolae_spider_shape
Spider:4: grunt_spider_rune_parallel, uniq_roxanne, uniq_arachne
Orc:1:    layout_caves, special_room [special_room_orc], minmay_orc_barracks
Orc:2:    st_orc_pillars, layout_caves, basic_altar
Elf:1:    eino_elf_arrival_the_gate, layout_geoelf_grid, serial_shops, shop,
          minmay_elf_crystal_hexagon
Elf:2:    nicolae_elf_blades_splatter_lattice [nicolae_blade_bullseye],
          layout_loops_cross, serial_shops, shop
Elf:3:    minmay_elf_hall, layout_geoelf_castle, serial_shops,
          nicolae_lakefront_shop, nicolae_diamond_shop, shop
Vaults:1: nicolae_vaults_network_s, v_misc_9, nicolae_vaults_surprise_closet,
          vaults_dpeg_ring, layout_vaults_omnigrid, serial_shops, shop,
          uniq_zenata, uniq_saint_roka, uniq_nikola
Vaults:2: v_rooms_1, nicolae_vaults_offset_grid_hallway_3,
          hangedman_vaults_trim, vaults_room_fours,
          nicolae_vaults_double_plus_3, nicolae_vaults_octothorpe,
          nicolae_vaults_mini_display_case, ontoclasm_vaults_claustrophobia,
          minmay_crypt_entry_simple_corners, nicolae_vaults_layer_cake_slice,
          nicolae_vaults_trapezoid_3, nicolae_vaults_ring_of_whatevers,
          nicolae_vaults_heart-shaped_vault, layout_vaults_ring, uniq_jory
Vaults:3: infiniplex_enter_wizlab_glasses, hangedman_vaults_snaps,
          grunt_vaults_twisty, ontoclasm_vaults_fault,
          nicolae_vaults_yaktaur_gun_rack, nicolae_vaults_prndl,
          nicolae_vaults_hexular_roomagon, vaults_standard_mumra_x,
          vaults_room_fancy_cross, dpeg_vaults_monster_box,
          nicolae_vaults_shipping_containers_4, layout_vaults_omnibox,
          uniq_frederick
Vaults:4: vaults_room_door_ring, v_misc_15, nicolae_vaults_house_3,
          nicolae_vaults_apartment_1, vaults_room_grid,
          nicolae_vaults_shrinking_rooms_1, vaults_room_grunt_arrival_ludios,
          v_alt_pattern_6, hangedman_vaults_corner_blocks,
          nicolae_vaults_two_Ls, nicolae_vaults_antechamber_and_loot_room,
          nicolae_vaults_network_square, v_pattern_2, nicolae_vaults_prndl,
          layout_vaults_maze
Vaults:5
Depths:1: layout_honeycomb, minmay_crystal_room, hell_entry,
          minmay_misc_feat_roman, minmay_misc_feat_more_columns, drop_trap,
          nicolae_lava_and_water, kennysheep_inner_square
Depths:2: grunt_runaround [grunt_runaround_doors_1, grunt_runaround_doors_2,
          grunt_runaround_doors_3, grunt_runaround_doors_4,
          grunt_runaround_loot], hell_entry, pan_entry
Depths:3: kennysheep_oblong_rooms, layout_gridlike, enter_ziggurat_d,
          hell_entry, abyss_entry, columned_hall_lemuel,
          minmay_staircase_windowed_large, uniq_mennas
Depths:4: evilmike_zot_entry_hall, layout_cave_shapes, hangedman_coc_ice_floe,
          minmay_misc_feat_columns, serial_bayou_shore_a
Zot:1:    layout_cellular_growth, grunt_ministairs_8, nicolae_tricolors
Zot:2:    layout_gridlike, gammafunk_ghost_grave, skrybe_zot_glass_1,
          grunt_megastairs_4
Zot:3:    layout_twisted_circle, hangedman_elemental_corridor
Zot:4:    layout_gridville
Zot:5:    layout_twisted_circle, regret_index_zotdec_slimy_original, uniq_tiamat

Skill      XL: |  1  2  3  4  5  6  7  8  9 10 11 12 13 14 15 16 17 18 19 20 21 22 23 24 25 |
---------------+----------------------------------------------------------------------------+-----
Stealth        | 2 3 5 7 8 11 15 17 19 | 19.6
Conjurations   | 5 6 7 8 9 |  9.3
Fighting       | 1 2 3 4 6 7 8 9 10 12 14 16 17 18 | 18.5
Translocations | 2 3 4 |  4.6
Spellcasting   | 3 5 7 9 |  9.8
Dodging        | 2 4 7 8 10 11 12 13 15 19 | 19.5
Evocations     | 4 5 7 10 12 | 12.6
Short Blades   | 4 5 7 10 | 10.8
Hexes          | 9 11 12 14 17 18 19 20 22 | 22.4
Armour         | 3 |  3.3
Shields        | 1 8 12 14 | 14.0
Transmutations | 3 5 |  5.0

Action                     |  1- 3 |  4- 6 |  7- 9 | 10-12 | 13-15 | 16-18 | 19-21 | 22-24 | 25-27 || total
---------------------------+-------+-------+-------+-------+-------+-------+-------+-------+-------++-------
  Melee: Unarmed           |     2 |       |       |       |       |       |       |       |       ||     2
         Dagger            |     1 |       |       |       |       |       |       |       |       ||     1
         Short sword       |       |     1 |    72 |    76 |       |       |       |       |       ||   149
         Punch             |       |       |       |     4 |    15 |       |       |       |       ||    19
         Rapier            |       |       |       |   127 |   924 |   985 |   747 |   436 |       ||  3219
         Kick              |       |       |       |       |       |       |    95 |   442 |   168 ||   705
         Quick blade       |       |       |       |       |       |       |       |   301 |   299 ||   600
   Cast: Magic Dart        |    60 |    77 |   136 |   257 |    21 |    15 |    10 |     9 |     7 ||   592
         Searing Ray       |     4 |     9 |    23 |    11 |       |       |       |       |       ||    47
         Iskenderun's Myst |       |       |    30 |    65 |    36 |    20 |    42 |     5 |       ||   198
         Enfeeble          |       |       |       |    22 |    96 |   151 |   109 |    88 |    41 ||   507
         Dazzling Flash    |       |       |       |       |       |   121 |    16 |     5 |     1 ||   143
         Discord           |       |       |       |       |       |    16 |    59 |    57 |     6 ||   138
         Yara's Violent Un |       |       |       |       |       |     7 |    69 |    29 |       ||   105
 Invoke: Curse Item        |       |     2 |     1 |     5 |     2 |     1 |     1 |     1 |     2 ||    15
         Shatter the Chain |       |       |       |     2 |       |     1 |       |     2 |       ||     5
  Evoke: Wand              |       |     2 |     4 |     7 |     4 |     3 |       |     9 |       ||    29
         Lightning rod     |       |       |       |       |       |     4 |       |       |       ||     4
         Condenser vane    |       |       |       |       |       |     1 |       |       |       ||     1
    Use: Scroll            |     7 |     5 |       |       |       |     3 |       |    12 |     4 ||    31
         Potion            |       |     2 |       |       |       |       |     5 |     2 |     7 ||    16
   Stab: Sleeping          |       |       |     1 |     3 |    17 |    35 |    51 |    31 |     1 ||   139
         Paralysed         |       |       |       |    29 |    30 |   107 |    28 |    26 |     1 ||   221
         Invisible         |       |       |       |    16 |    43 |   143 |    56 |    41 |    24 ||   323
         Distracted        |       |       |       |     1 |     6 |     5 |    10 |     7 |     1 ||    30
 Armour: Robe              |     8 |    12 |    26 |   127 |   244 |   270 |   126 |   127 |    31 ||   971
         Animal skin       |       |     1 |    54 |       |       |       |       |       |       ||    55
  Dodge: Dodged            |    12 |    12 |    74 |   239 |   649 |   840 |   393 |   395 |    84 ||  2698
         Repelled          |       |       |       |       |       |     8 |     2 |    12 |     1 ||    23
  Block: Buckler           |       |       |       |       |   123 |   206 |       |       |       ||   329
         Kite shield       |       |       |       |       |       |   377 |   379 |   312 |    70 ||  1138

Table legend: (Time is in decaauts)
 A = Elapsed time spent in this place.
 B = Non-inter-level travel time spent in this place.
 C = Inter-level travel time spent in this place.
 D = Time resting spent in this place.
 E = Time spent auto-exploring this place.
 F = Levels seen in this place.
 G = Mean time per level.
                   A        B        C        D        E       F      G
               +--------+--------+--------+--------+--------+-----+--------+
         Total |  65681 |  60620 |   5061 |  19436 |  25451 |  48 | 1368.4 |
       Dungeon |  17328 |  15204 |   2124 |   4276 |   7643 |  15 | 1155.2 |
          Lair |   8736 |   8034 |    702 |   2548 |   3948 |   5 | 1747.2 |
        Shoals |   4975 |   4749 |    226 |   1711 |   1340 |   4 | 1243.8 |
   Spider Nest |   5463 |   5300 |    163 |   2183 |   1483 |   4 | 1365.8 |
  Orcish Mines |   1756 |   1529 |    227 |    317 |    612 |   2 |  878.0 |
   Elven Halls |   6669 |   6473 |    196 |   2864 |   2000 |   3 | 2223.0 |
        Vaults |   7264 |   6803 |    461 |   1662 |   3285 |   5 | 1452.8 |
        Depths |   7684 |   7020 |    664 |   2660 |   2620 |   4 | 1921.0 |
           Zot |   5221 |   4925 |    296 |   1214 |   2487 |   5 | 1044.2 |
        Wizlab |    582 |    582 |      0 |      0 |     30 |   1 |  582.0 |
               +--------+--------+--------+--------+--------+-----+--------+

Top non-repeatable levels by time:
  Lair:4: 3149 daAuts
   Elf:3: 2665 daAuts
Depths:2: 2516 daAuts
   Elf:2: 2373 daAuts
Vaults:1: 1936 daAuts
Depths:4: 1766 daAuts
Depths:1: 1733 daAuts
  Lair:5: 1684 daAuts
Depths:3: 1666 daAuts
   Elf:1: 1629 daAuts
     D:5: 1616 daAuts
   Zot:5: 1590 daAuts
    D:10: 1586 daAuts
   Orc:2: 1574 daAuts
    D:14: 1513 daAuts
